 Dungeon Crawl Stone Soup version 0.28-a0-620-g539b0f7ac7 (webtiles) character file.

Game seed: 16131560395998535518

353671 robertstho the Slayer (level 22, -1/157 HPs)
             Began as a Gargoyle Fighter on Oct 5, 2021.
             Was the Champion of the Shining One.
             Killed from afar by an ironbound frostheart (16 damage)
             ... by creeping frost
             ... on level 4 of the Vaults on Oct 6, 2021.
             The game lasted 01:39:39 (51367 turns).

robertstho the Slayer (Gargoyle Fighter)           Turns: 51367, Time: 01:39:42

Health: -1/157     AC: 60    Str: 36    XL:     22   Next: 28%
Magic:  20/34      EV: 14    Int: 11    God:    the Shining One [******]
Gold:   3686       SH: 15    Dex: 10    Spells: 21/21 levels left

rFire   . . .      SeeInvis +   f - +0 eveningstar (protect)
rCold   . . .      Faith    .   c - +2 kite shield {reflect}
rNeg    + + +      Spirit   .   T - +10 plate armour {ponderous}
rPois   ∞          Reflect  +   g - +0 helmet
rElec   +          Harm     .   s - scarf {repulsion}
rCorr   .          Rampage  .   S - +1 pair of gloves {Str+3}
Will    ++...                   n - +1 pair of boots
Stlth   ..........              o - amulet of regeneration
HPRegen 1.36/turn               E - ring "Delor" {Will+ EV+4 SInv}
MPRegen 0.24/turn               M - +6 ring of strength

@: frozen, under a protective aura, flying, glowing, studying Axes, repel
missiles, very slow
A: sickness immunity, AC +16, big wings, negative energy resistance 1,
electricity resistance, torment resistance 1, petrification resistance
}: 2/15 runes: decaying, gossamer
a: Renounce Religion, Divine Shield, Cleansing Flame, Summon Divine Warrior,
Brand Weapon With Holy Wrath


You were on level 4 of the Vaults.
You worshipped the Shining One.
The Shining One was exalted by your worship.
You visited 7 branches of the dungeon, and saw 38 of its levels.
You visited the Abyss 1 time.
You also visited: Gauntlet and Ice Cave.

You collected 5690 gold pieces.
You spent 2004 gold pieces at shops.

Inventory:

Hand Weapons
 f - a +0 eveningstar of protection (weapon)
 K - the +7 great mace "Firestarter" {inner flame, rF++}
   (You found it on level 3 of the Elven Halls)

   It burns those it strikes, dealing additional fire damage.
   It fills those it strikes with an explosive inner flame.
   It grants immunity to clouds of flame.
   rF:        It greatly protects you from fire.
Armour
 c - a +2 kite shield of reflection (worn)
 g - a +0 helmet (worn)
 n - a +1 pair of boots (worn)
 s - a scarf of repulsion (worn)
 H - a +4 chain mail of cold resistance
 S - a +1 pair of gloves of strength (worn)
 T - a +10 plate armour of ponderousness (worn)
 U - the +1 pair of gloves of Baldness {rC+}
   (You found it on level 3 of the Elven Halls)

   rC:        It protects you from cold.
 Z - a scarf of resistance
Jewellery
 a - the ring "Nickocura" {rPois rC+}
   (You took it off a boggart on level 14 of the Dungeon)

   [ring of poison resistance]

   rC:        It protects you from cold.
   rPois:     It protects you from poison.
 d - a ring of resist corrosion
 e - an amulet of reflection
 o - an amulet of regeneration (around neck)
 p - a ring of willpower
 t - a +4 ring of protection
 B - the ring of the Philosopher {rPois rF+ Will+ Dex-5 Slay+2}
   (You found it on level 3 of the Spider Nest)

   [ring of protection from fire]

   Dex:       It affects your dexterity (-5).
   Slay:      It affects your accuracy & damage with ranged weapons and melee
   (+2).
   rF:        It protects you from fire.
   rPois:     It protects you from poison.
   Will:      It increases your willpower.
 E - the ring "Delor" (left hand) {Will+ EV+4 SInv}
   (You found it on level 13 of the Dungeon)

   [ring of evasion]

   EV:        It affects your evasion (+4).
   SInv:      It lets you see invisible.
   Will:      It increases your willpower.
 G - a ring of fire
 L - a ring of protection from fire
 M - a +6 ring of strength (right hand)
 N - a ring of protection from cold
 Q - the ring "Cyhen" {MP+9 Slay+2}
   (You found it on level 3 of the Elven Halls)

   [ring of magical power]

   Slay:      It affects your accuracy & damage with ranged weapons and melee
   (+2).
   MP:        It affects your magic capacity (+9).
 R - the ring "Jiajyu" {rN+ Str-2 Dex+6 SInv}
   (You found it on level 2 of the Vaults)

   [ring of dexterity]

   Str:       It affects your strength (-2).
   Dex:       It affects your dexterity (+6).
   rN:        It protects you from negative energy.
   SInv:      It lets you see invisible.
 Y - a ring of protection from fire
Wands
 q - a wand of mindburst (37)
 C - a wand of digging (9)
 I - a wand of iceblast (52)
 O - a wand of acid (14)
Scrolls
 b - 7 scrolls of enchant armour
 h - 7 scrolls of fog
 r - 8 scrolls of magic mapping
 v - 5 scrolls of holy word
 w - 24 scrolls of teleportation
 x - 2 scrolls of fear
 y - 3 scrolls of blinking
 D - 6 scrolls of identify
 F - 3 scrolls of immolation
 J - 2 scrolls of summoning
 P - 2 scrolls of enchant weapon
Potions
 i - 5 potions of cancellation
 j - 2 potions of mutation
 k - 6 potions of resistance
 l - a potion of brilliance
 m - 13 potions of curing
 u - 2 potions of haste
 z - 5 potions of ambrosia
 A - 3 potions of magic
Miscellaneous
 V - a lightning rod (4/4)
 W - a phantom mirror
 X - a tin of tremorstones (2/2)


   Skills:
 * Level 22.3 Fighting
 + Level 19.0 Maces & Flails
 * Level 19.2 Armour
 + Level 4.7 Dodging
 + Level 17.3 Shields
 * Level 17.5 Invocations
 + Level 1.1 Evocations


You had 21 spell levels left.
You didn't know any spells.
Your spell library contained the following spells:

 Spells                   Type           Power      Damage    Failure   Level
 Animate Skeleton         Necr           0%         N/A       77%         1
 Apportation              Tloc           0%         N/A       77%         1
 Foxfire                  Conj/Fire      0%         2x1d4     77%         1
 Freeze                   Ice            0%         1d3       77%         1
 Pain                     Necr           0%         1d4       77%         1
 Shock                    Conj/Air       0%         1d3       77%         1
 Summon Small Mammal      Summ           0%         N/A       77%         1
 Blink                    Tloc           N/A        N/A       88%         2
 Corpse Rot               Necr/Air       N/A        N/A       88%         2
 Ensorcelled Hibernation  Hex/Ice        0%         N/A       88%         2
 Passwall                 Tmut/Erth      0%         N/A       88%         2
 Poisonous Vapours        Pois/Air       0%         N/A       88%         2
 Slow                     Hex            0%         N/A       88%         2
 Static Discharge         Conj/Air       0%         N/A       88%         2
 Wereblood                Tmut           0%         N/A       88%         2
 Call Canine Familiar     Summ           0%         N/A       98%         3
 Confusing Touch          Hex            0%         N/A       98%         3
 Conjure Flame            Conj/Fire      0%         6-21      98%         3
 Dazzling Flash           Conj/Hex       0%         N/A       98%         3
 Frozen Ramparts          Ice            0%         1d2       98%         3
 Inner Flame              Hex/Fire       0%         N/A       98%         3
 Lesser Beckoning         Tloc           0%         N/A       98%         3
 Portal Projectile        Hex/Tloc       0%         N/A       98%         3
 Spider Form              Tmut/Pois      0%         N/A       98%         3
 Stone Arrow              Conj/Erth      0%         3d7       98%         3
 Summon Guardian Golem    Hex/Summ       0%         N/A       98%         3
 Swiftness                Air            0%         N/A       98%         3
 Airstrike                Air            0%         N/A       100%        4
 Animate Armour           Summ/Erth      0%         N/A       100%        4
 Animate Dead             Necr           0%         N/A       100%        4
 Cause Fear               Hex            0%         N/A       100%        4
 Flame Wave               Conj/Fire      0%         3d3       100%        4
 Hailstorm                Conj/Ice       0%         3d3       100%        4
 Petrify                  Tmut/Erth      0%         N/A       100%        4
 Summon Ice Beast         Ice/Summ       0%         N/A       100%        4
 Summon Lightning Spire   Summ/Air       0%         N/A       100%        4
 Agony                    Necr           0%         N/A       100%        5
 Alistair's Intoxication  Tmut/Pois      0%         N/A       100%        5
 Blade Hands              Tmut           0%         N/A       100%        5
 Borgnjor's Vile Clutch   Necr/Erth      0%         N/A       100%        5
 Excruciating Wounds      Necr           0%         N/A       100%        5
 Fireball                 Conj/Fire      0%         3d3       100%        5
 Irradiate                Conj/Tmut      0%         3d13      100%        5
 Iskenderun's Battlesphe  Conj           0%         2d6       100%        5
 Lightning Bolt           Conj/Air       0%         1d11      100%        5
 Manifold Assault         Tloc           0%         N/A       100%        5
 Silence                  Hex/Air        0%         N/A       100%        5
 Summon Mana Viper        Hex/Summ       0%         N/A       100%        5
 Yara's Violent Unravell  Hex/Tmut       0%         3d3       100%        5
 Conjure Ball Lightning   Conj/Air       0%         3x3d6     100%        6
 Death Channel            Necr           0%         N/A       100%        6
 Invisibility             Hex            0%         N/A       100%        6
 Iron Shot                Conj/Erth      0%         9d1       100%        6
 Dragon Form              Tmut           0%         N/A       100%        7
 Haunt                    Necr/Summ      0%         N/A       100%        7
 Monstrous Menagerie      Summ           0%         N/A       100%        7
 Orb of Destruction       Conj           0%         N/A       100%        7
 Discord                  Hex            0%         N/A       100%        8
 Disjunction              Tloc           0%         N/A       100%        8
 Infestation              Necr           0%         N/A       100%        8
 Maxwell's Capacitive Co  Air            0%         ∞         100%        8
 Chain Lightning          Conj/Air       0%         N/A       100%        9
 Dragon's Call            Summ           0%         N/A       100%        9
 Fire Storm               Conj/Fire      0%         5d1       100%        9
 Shatter                  Erth           0%         3d5*      100%        9
 Statue Form              Tmut/Erth      Unusable   N/A       N/A         6

Dungeon Overview and Level Annotations

Branches:
Dungeon (15/15)            Temple (0/1) D:6            Lair (6/6) D:10
  Swamp (4/4) Lair:3       Spider (4/4) Lair:2        Slime (0/5) Lair:6
    Orc (2/2) D:12            Elf (3/3) Orc:2        Vaults (4/5) D:13
  Crypt (0/3) Vaults:3     Depths (0/4) D:15          IceCv (visited)
Gauntlet (visited)

Altars:
Ashenzari
Cheibriados
Dithmenos
Gozag
Makhleb
Okawaru
Ru
Sif Muna
Trog
Wu Jian
Xom
The Shining One
Beogh
Jiyva

Shops:
D:4 [   D:5 (   D:12 *   Orc:2 [!*[:(:   Elf:2 ?   Vaults:2 [*

Portals:
Trove: Vaults:2 (show abyssal rune of Zot)

Annotations:
Lair:1 2 runed translucent doors, lawman0's ghost, journeyman DgWz
Spider:3 2 transporters, Plog's ghost, adept MiBe


Innate Abilities, Weirdness & Mutations

You are immune to sickness and miasma.
Your stone body is resilient. (AC +16)
You are immune to poison.
Your large and strong wings let you fly.
You resist negative energy. (rN+)
You are resistant to electric shocks. (rElec)
You are resistant to unholy torment.
You are immune to petrification.


Message History

An ironbound frostheart comes into view.
It is wearing a +0 scale mail of cold resistance.
You block the ironbound frostheart's attack.
Your daeva hits the ironbound convoker with a +4 scimitar of holy wrath!
Your daeva hits the ironbound convoker with a +4 scimitar of holy wrath.
An ironbound convoker and an ironbound frostheart come into view.
The golden flame engulfs you but does no damage.
The golden flame engulfs the ironbound frostheart!!!
You kill the ironbound frostheart!
The golden flame engulfs the ironbound frostheart!!!
The ironbound frostheart is heavily wounded.
The golden flame engulfs the ironbound convoker!!
You kill the ironbound convoker!
The golden flame engulfs the ironbound convoker!!
The ironbound convoker is heavily wounded.
The golden flame engulfs the ironbound convoker!!!
You kill the ironbound convoker!
The golden flame engulfs the ironbound frostheart!
The ironbound frostheart is moderately wounded.
The golden flame engulfs your daeva.
Your daeva completely resists.
Your daeva is heavily wounded.
The golden flame engulfs the phantasmal warrior!!!
The phantasmal warrior writhes in agony!
The phantasmal warrior is almost destroyed.
The ironbound frostheart calls freezing cold from the walls.
The frost grips you.
You are encased in ice.
The ironbound frostheart touches you. The ironbound frostheart freezes you!!
* * * LOW HITPOINT WARNING * * *
The ironbound convoker hits you but does no damage.
Your daeva hits the phantasmal warrior with a +4 scimitar of holy wrath!!
The phantasmal warrior is destroyed!
The Shining One accepts your kill.
You feel better.
The ironbound frostheart calls freezing cold from the walls.
The frost grips you!
* * * LOW HITPOINT WARNING * * *
The ironbound frostheart calls freezing cold from the walls.
The frost grips you!
You die...

#.......................
#.......................
#.......................
#.....##################
#.....# #.#
#.....######### ##.
#.....'........ ##.
#.....#pp...... #.#
##########.....#@[......
###
.........#.....#))A.....
.........').)..#pp......
.........#)†)).#).......
.........#.)...#........
.........'.....#........
.........#..†..#########
##########.....# #.....#


You could see 2 ironbound frosthearts, an ironbound convoker, a wizard and a
friendly daeva (summoned).

Vanquished Creatures
  Bai Suzhen (Spider:4)
  Saint Roka (Vaults:1)
  Arachne (Spider:2)
  A tentacled monstrosity (Swamp:3)
  Jorgrun (Spider:2)
  Mlioglotl (Spider:4)
  4 deep elf blademasters (Elf:3)
  5 deep elf master archers (Elf:3)
  Frances (D:14)
  An ancient champion (Vaults:3)
  3 tentacled starspawn (Abyss:2)
  2 sphinxes
  Donald (Vaults:1)
  Kirke (Lair:4)
  The ghost of Pocvaraige the Brawler, a journeyman TrMo of Gozag (D:14)
  Roxanne (Elf:2)
  A fenstrider witch (Swamp:3)
  5 vault wardens
  4 deep elf sorcerers (Elf:3)
  An orc warlord (Orc:2)
  4 ghost moths
  5 emperor scorpions
  A deep elf elementalist (Elf:3)
  15 ironbound preservers
  11 very ugly things
  A stone giant (Vaults:4)
  7 deep elf annihilators (Elf:3)
  A deep elf demonologist (Elf:3)
  8 dire elephants
  A lorocyproca (Abyss:2)
  4 entropy weavers
  3 bunyips
  An eidolon (Vaults:3)
  A spark wasp (Spider:4)
  A minotaur (Gauntlet)
  3 eleionomae
  7 deep elf death magi
  2 shambling mangroves (Swamp:3)
  4 deep elf high priests
  4 great orbs of eyes
  4 vault guards
  11 yaktaur captains
  2 peacekeepers (Vaults:3)
  2 rakshasas (D:15)
  3 ice dragons (Swamp:4)
  4 ironbound thunderhulks
  2 ghost crabs
  3 catoblepae
  4 boulder beetles
  17 hydras
  6 ironbound frosthearts
  9 two-headed ogres
  2 death knights
  3 ogre magi
  6 centaur warriors
  8 alligators
  28 dancing weapons
  A thrashing horror (Abyss:2)
  An orc high priest (Orc:2)
  4 tengu warriors
  Urug (Orc:2)
  Sonja (D:12)
  19 deep elf knights
  Nergalle (D:10)
  A wretched star (Abyss:2)
  5 skeletal warriors
  35 deep trolls
  8 goliath frogs
  7 deep elf archers
  8 bog bodies
  10 ironbound convokers
  7 spriggan druids
  4 swamp dragons
  Pikel (D:4)
  A necromancer (Vaults:3)
  20 orb spiders
  7 wizards
  28 deep elf zephyrmancers
  2 orc knights
  34 deep elf pyromancers
  24 wolf spiders
  3 manticores
  6 lindwurms
  25 ugly things
  A faun (shapeshifter) (Gauntlet)
  8 cyclopes
  4 orc sorcerers
  3 will-o-the-wisps
  A worldbinder (Abyss:2)
  A salamander (shapeshifter) (D:14)
  4 moths of wrath
  3 starcursed masses (Abyss:2)
  16 elephants
  A guardian serpent (Abyss:2)
  A rust devil (Abyss:2)
  A water nymph (shapeshifter) (D:15)
  An eye of devastation (Abyss:2)
  4 black mambas
  13 vault sentinels
  2 smoke demons (Abyss:2)
  3 torpor snails
  9 cane toads
  11 komodo dragons
  A rime drake (Lair:5)
  A rime drake (shapeshifter) (Elf:1)
  15 demonic crawlers
  6 freezing wraiths
  2 kobold demonologists
  2 efreet
  16 yaktaurs
  A tengu conjurer (D:15)
  An ancient zyme (Abyss:2)
  An entropy weaver simulacrum (IceCv)
  46 jumping spiders
  12 polar bears
  6 trolls
  3 meliai (D:15)
  9 tyrant leeches
  14 blink frogs
  18 dream sheep
  32 slime creatures
  A raiju (Abyss:2)
  40 hornets
  A redback (shapeshifter) (Elf:1)
  31 spriggans
  A tarantella (shapeshifter) (Vaults:2)
  32 tarantellas
  3 centaur simulacra (D:14)
  72 redbacks
  4 air elementals
  4 wraiths
  56 yaks
  A vampire (D:13)
  6 wyverns
  2 basilisks
  2 fire elementals (Elf:1)
  3 water elementals
  Grum (D:10)
  2 hogs (Lair:4)
  A steam dragon (D:8)
  3 swamp worm simulacra (Swamp:4)
  A basilisk (shapeshifter) (Elf:3)
  3 vampire mosquitoes (Swamp:2)
  Menkaure (D:7)
  A death yak simulacrum (Lair:2)
  2 wargs
  14 swamp worms
  Edmund (D:5)
  12 water moccasins
  26 orc warriors
  14 hydra simulacra (Swamp:4)
  4 swamp drakes
  4 ice beasts
  7 black bears
  A hornet zombie (D:6)
  An ugly thing simulacrum (IceCv)
  26 wolves
  9 centaurs
  4 ogres
  9 boggarts
  3 kobold brigands
  A phantom (D:5)
  5 scorpions
  14 bullfrogs
  3 small abominations (Abyss:2)
  14 killer bees
  An elephant simulacrum (Lair:2)
  6 wights (Abyss:2)
  3 electric eels
  5 spriggan skeletons (D:14)
  A troll skeleton (D:14)
  A crimson imp (D:5)
  5 centaur zombies
  A howler monkey (D:8)
  5 hounds
  15 orc priests
  A jelly (D:5)
  A gnoll shaman (D:9)
  An iguana (D:6)
  18 orc wizards
  9 hell rats
  A killer bee zombie (D:6)
  4 hound skeletons
  A mummy (D:10)
  A howler monkey zombie (D:9)
  A howler monkey skeleton (D:7)
  2 adders (D:2)
  8 river rats (Lair:6)
  2 shadow imps
  4 white imps
  3 swamp drake simulacra (Swamp:4)
  An ufetubus (D:4)
  2 worms
  3 dart slugs
  64 orcs
  6 bats
  4 endoplasms
  6 giant cockroaches
  4 goblins
  5 hobgoblins
  6 jackals (D:1)
  2 quokkas
  11 ball pythons
  A ball python zombie (D:3)
  2 goblin skeletons (D:5)
  A goblin zombie (D:5)
  A hobgoblin zombie (D:5)
  12 kobolds
  A kobold skeleton (D:5)
  3 kobold zombies (D:5)
  9 rats
  A lurking horror (Abyss:2)
  4 starspawn tentacles (Abyss:2)
1467 creatures vanquished.

Vanquished Creatures (collateral kills)
  Rupert (D:13)
  Agnes (D:14)
  A shadow dragon (D:13)
  The ghost of frimble the Protected, an adept GnEE of Cheibriados (Orc:2)
  A war gargoyle (Vaults:3)
  Nessos (D:14)
  A minotaur (Orc:2)
  A fire dragon (D:13)
  A vault guard (Vaults:3)
  A two-headed ogre (D:13)
  A deep elf knight (Elf:2)
  5 skeletal warriors (D:14)
  5 deep trolls (Vaults:3)
  A phantasmal warrior (Vaults:4)
  2 deep elf pyromancers
  3 lindwurms (Vaults:3)
  A deep elf zephyrmancer (Elf:2)
  2 orc sorcerers (Orc:2)
  An orc knight (Orc:2)
  A yaktaur (Vaults:4)
  A troll (Orc:2)
  A spriggan (shapeshifter) (D:13)
  3 wargs (Orc:2)
  An acid dragon (D:13)
  An ice beast (D:14)
  13 orc warriors (Orc:2)
  An ogre (Orc:2)
  Blork the orc (Orc:2)
  2 orc priests (Orc:2)
  3 orc wizards (Orc:2)
  An ufetubus (D:14)
  6 orcs (Orc:2)
66 creatures vanquished.

Vanquished Creatures (others)
  An azure jelly (Swamp:4)
  A deep elf knight (Elf:2)
  A bog body (Swamp:1)
  A deep elf zephyrmancer (Elf:3)
  5 bloated husks
  A spriggan (Swamp:4)
  A redback (Spider:4)
  A human (Lair:4)
  A yak (Lair:2)
  A swamp worm simulacrum (Swamp:4)
  A wolf (Lair:4)
  A swamp drake simulacrum (Swamp:4)
  13 bushes (Elf:2)
  30 foxfires
  65 fungi
  A lurking horror (Abyss:2)
  66 plants
  10 starspawn tentacles (Abyss:2)
201 creatures vanquished.

Grand Total: 1734 creatures vanquished

Notes
Turn   | Place    | Note
-------+----------+-------------------------------------------
     0 | D:1      | robertstho the Gargoyle Fighter began the quest for the
                  | Orb.
     0 | D:1      | Reached XP level 1. HP: 14/14 MP: 1/1
     1 | D:1      | Found a glowing golden altar of the Shining One.
   316 | D:1      | Reached XP level 2. HP: 19/19 MP: 2/2
   611 | D:1      | Reached XP level 3. HP: 23/23 MP: 3/3
  1716 | D:2      | Found a faded altar of an unknown god.
  1743 | D:2      | Reached XP level 4. HP: 25/29 MP: 4/4
  1853 | D:2      | Found a snail-covered altar of Cheibriados.
  2872 | D:4      | Noticed a lemure
  2872 | D:4      | Noticed a lemure
  2873 | D:4      | Noticed Pikel
  2873 | D:4      | Found Paweupt's Armour Shop.
  2875 | D:4      | Noticed a lemure
  2875 | D:4      | Noticed a lemure
  2892 | D:4      | Killed Pikel
  2893 | D:4      | Reached skill level 4 in Fighting
  2893 | D:4      | Reached skill level 5 in Armour
  2893 | D:4      | Reached XP level 5. HP: 19/34 MP: 5/5
  2893 | D:4      | Reached XP level 6. HP: 22/40 MP: 6/6
  2893 | D:4      | Reached XP level 7. HP: 24/44 MP: 7/7
  3339 | D:4      | Reached skill level 1 in Dodging
  3349 | D:4      | Reached skill level 5 in Fighting
  3514 | D:4      | Found a sacrificial altar of Ru.
  3602 | D:4      | Found a shimmering blue altar of Sif Muna.
  3646 | D:5      | Entered Level 5 of the Dungeon
  3656 | D:5      | Reached skill level 5 in Maces & Flails
  3936 | D:5      | Found a glowing golden altar of the Shining One.
  3959 | D:5      | Became a worshipper of the Shining One
  4231 | D:5      | Reached XP level 8. HP: 45/49 MP: 8/8
  4333 | D:5      | Found a bloodstained altar of Trog.
  4459 | D:5      | Noticed Edmund
  4473 | D:5      | Killed Edmund
  4474 | D:5      | Reached skill level 1 in Invocations
  5023 | D:5      | Found Furaxudgh's Antique Weapon Boutique.
  5208 | D:6      | Reached skill level 5 in Shields
  5242 | D:6      | Noticed a wraith
  5242 | D:6      | Reached * piety under the Shining One
  5246 | D:6      | Reached skill level 6 in Fighting
  5254 | D:6      | Killed a wraith
  5257 | D:6      | Found a staircase to the Ecumenical Temple.
  5747 | D:6      | Reached XP level 9. HP: 55/55 MP: 11/11
  5786 | D:6      | Found an ornate altar of the Wu Jian Council.
  6229 | D:7      | Found a burning altar of Makhleb.
  6453 | D:7      | Noticed a boulder beetle
  6723 | D:6      | Found a shimmering altar of Xom.
  7072 | D:6      | Reached skill level 7 in Fighting
  7688 | D:8      | Found an opulent altar of Gozag.
  7704 | D:8      | Reached XP level 10. HP: 59/63 MP: 13/13
  8129 | D:8      | Noticed a tengu warrior
  8135 | D:8      | Noticed a centaur warrior
  8145 | D:8      | Killed a tengu warrior
  8146 | D:8      | Reached skill level 5 in Invocations
  8151 | D:8      | Killed a centaur warrior
  8152 | D:8      | Reached skill level 8 in Fighting
  8182 | D:7      | Noticed Menkaure
  8185 | D:7      | Killed Menkaure
  9389 | D:9      | Reached ** piety under the Shining One
  9578 | D:9      | Noticed a kobold demonologist
  9586 | D:9      | Killed a kobold demonologist
 10114 | D:9      | Reached XP level 11. HP: 54/69 MP: 15/15
 10558 | D:9      | Reached skill level 9 in Fighting
 10762 | D:10     | Entered Level 10 of the Dungeon
 10781 | D:10     | Found an iron altar of Okawaru.
 11144 | D:10     | Found a shadowy altar of Dithmenos.
 11297 | D:10     | Noticed Nergalle
 11310 | D:10     | Killed Nergalle
 11341 | D:10     | Reached *** piety under the Shining One
 11349 | D:10     | Reached skill level 10 in Armour
 11617 | D:10     | Noticed Grum
 11630 | D:10     | Killed Grum
 11864 | D:10     | Found a staircase to the Lair.
 12110 | D:10     | Found a snail-covered altar of Cheibriados.
 12676 | D:11     | Noticed a four-headed hydra
 12696 | D:11     | Killed a four-headed hydra
 12697 | D:11     | Reached skill level 10 in Maces & Flails
 13319 | D:12     | Found a staircase to the Orcish Mines.
 13423 | D:12     | Noticed a two-headed ogre
 13430 | D:12     | Killed a two-headed ogre
 13538 | D:12     | Noticed a seven-headed hydra
 13541 | D:12     | Noticed a seven-headed hydra
 13547 | D:12     | Killed a seven-headed hydra
 13548 | D:12     | Reached skill level 10 in Fighting
 13581 | D:12     | Killed a seven-headed hydra
 13582 | D:12     | Reached XP level 12. HP: 15/77 MP: 8/17
 13592 | D:12     | Noticed a two-headed ogre
 13997 | D:12     | Killed a two-headed ogre
 14289 | D:12     | Noticed Sonja
 14292 | D:12     | Killed Sonja
 14917 | D:12     | Found Uthrekhuu's Assorted Antiques.
 14938 | D:12     | Noticed a two-headed ogre
 14949 | D:12     | Killed a two-headed ogre
 15395 | D:13     | Noticed Rupert
 15472 | Lair:1   | Entered Level 1 of the Lair of Beasts
 15481 | Lair:1   | Found a large runed translucent door.
 15481 | Lair:1   | Found a large runed translucent door.
 15482 | Lair:1   | Noticed an ironbound preserver
 15482 | Lair:1   | Noticed a vault warden
 15483 | Lair:1   | Noticed lawman0's ghost (journeyman DgWz)
 15483 | Lair:1   | Noticed a vault guard
 15620 | Lair:1   | Noticed a six-headed hydra
 15646 | Lair:1   | Killed a six-headed hydra
 16334 | Lair:1   | Reached skill level 11 in Fighting
 16712 | Lair:2   | Identified a scroll of acquirement
 16749 | Lair:2   | Acquired a +0 eveningstar of protection
 16759 | Lair:2   | Noticed a four-headed hydra
 16766 | Lair:2   | Killed a four-headed hydra
 16783 | Lair:2   | Found a frozen archway.
 16788 | Lair:2   | Reached XP level 13. HP: 71/84 MP: 19/19
 16788 | Lair:2   | Reached **** piety under the Shining One
 16797 | IceCv    | Entered an ice cave
 17440 | Lair:2   | Found a hole to the Spider Nest.
 17487 | Lair:2   | Reached skill level 12 in Fighting
 18335 | Lair:3   | Found a staircase to the Swamp.
 19461 | Lair:4   | Noticed Kirke
 19486 | Lair:4   | Killed Kirke
 19620 | Lair:4   | Found a gate leading to a gauntlet.
 19640 | Gauntlet | Entered a Gauntlet
 19640 | Gauntlet | Found a transporter.
 19640 | Gauntlet | Found a transporter.
 19656 | Gauntlet | Found a transporter.
 19674 | Gauntlet | Found a transporter.
 19674 | Gauntlet | Found a transporter.
 19674 | Gauntlet | Reached ***** piety under the Shining One
 19676 | Gauntlet | Found a transporter.
 19676 | Gauntlet | Found a transporter.
 19677 | Gauntlet | Found a transporter.
 19678 | Gauntlet | Noticed a quicksilver ooze
 19689 | Gauntlet | Found a transporter.
 19703 | Gauntlet | Found a transporter.
 19707 | Gauntlet | Found a runed translucent door.
 19714 | Gauntlet | Found a transporter.
 19732 | Gauntlet | Found a transporter.
 19748 | Gauntlet | Found a transporter.
 19760 | Gauntlet | Found a transporter.
 19873 | Gauntlet | Noticed an ettin
 19873 | Gauntlet | an alligator changed into an ettin
 19876 | Gauntlet | an ettin changed into a five-headed hydra
 20160 | Gauntlet | Noticed a minotaur
 20182 | Gauntlet | Killed a minotaur
 20187 | Gauntlet | Found the +7 Singing Sword {vorpal, sonic wave}
 20192 | Gauntlet | Got the Disquisition on Conjuration and Unholy Secrets
 20666 | Lair:4   | Found the +3 warlock's mirror {reflect}
 21167 | Lair:5   | Reached skill level 10 in Invocations
 21184 | Lair:5   | Gained mutation: Your large and strong wings let you fly.
                  | [Gargoyle growth]
 21184 | Lair:5   | Reached XP level 14. HP: 75/92 MP: 21/21
 21414 | Lair:5   | Reached skill level 13 in Fighting
 22052 | Lair:6   | Entered Level 6 of the Lair of Beasts
 23701 | Lair:6   | Identified the +7 dagger of an ossuary {venom, rF+ Dex+3}
 23843 | Lair:6   | Found a viscous altar of Jiyva.
 23843 | Lair:6   | Found a staircase to the Slime Pits.
 24034 | Lair:6   | Reached XP level 15. HP: 100/100 MP: 23/23
 24331 | Lair:6   | Reached skill level 14 in Fighting
 24505 | Orc:1    | Entered Level 1 of the Orcish Mines
 24791 | Orc:2    | Entered Level 2 of the Orcish Mines
 24791 | Orc:2    | Found Luas's Distillery.
 24796 | Orc:2    | Found Xoapsat's Armour Boutique.
 24799 | Orc:2    | Bought a potion of lignification for 51 gold pieces
 24799 | Orc:2    | Bought a potion of heal wounds for 85 gold pieces
 24799 | Orc:2    | Bought a potion of berserk rage for 85 gold pieces
 24828 | Orc:2    | Found a staircase to the Elven Halls.
 24902 | Orc:2    | Found a runed translucent gate.
 24908 | Orc:2    | Found a runed translucent gate.
 24910 | Orc:2    | Found a runed translucent gate.
 24957 | Orc:2    | Reached ****** piety under the Shining One
 25011 | Orc:2    | Noticed an orc warlord
 25029 | Orc:2    | Killed an orc warlord
 25038 | Orc:2    | Noticed Blork the orc
 25042 | Orc:2    | Noticed Urug
 25059 | Orc:2    | Killed Blork the orc
 25061 | Orc:2    | Killed Urug
 25073 | Orc:2    | Found Voheuj's Antique Armour Shoppe.
 25102 | Orc:2    | Found Bampud's Weapon Shop.
 25115 | Orc:2    | Found Nirenn's Book Shop.
 25257 | Orc:2    | Noticed frimble's ghost (adept GnEE)
 25274 | Orc:2    | Killed frimble's ghost
 25365 | Orc:2    | Found Nuoq's Antique Weapon Shoppe.
 25436 | Orc:2    | Found Fubouck's General Store.
 25545 | Orc:2    | Bought a scroll of teleportation for 39 gold pieces
 25598 | Orc:1    | Reached skill level 10 in Shields
 25845 | Orc:2    | Found Upsualy's Book Shoppe.
 26220 | D:5      | Bought a shimmering demon whip for 560 gold pieces
 26220 | D:5      | Identified the +2 demon whip "Wureugal" {elec, rC+ Dex+3}
                  | (You bought it in a shop on level 5 of the Dungeon)
 26220 | D:5      | Upgraded the game from 0.28-a0-612-gcfc00ec14d to
                  | 0.28-a0-620-g539b0f7ac7
 27114 | D:13     | Identified the +3 short sword "Muphuar" {vorpal, *Rage rN+
                  | Dex+2}
 27143 | D:13     | Paralysed by Rupert for 3 turns
 27154 | D:13     | Killed Rupert
 27306 | D:13     | Noticed a shadow dragon
 27326 | D:13     | Killed a shadow dragon
 27338 | D:13     | Identified the ring "Delor" {Will+ EV+4 SInv}
 27374 | D:13     | Identified the +6 shortbow of Fuzzy Resourcefulness {venom,
                  | rElec rPois MP-9 Int-3}
 27430 | D:13     | Reached skill level 15 in Maces & Flails
 27811 | D:13     | Found a gate to the Vaults.
 28111 | D:14     | Found a broken altar of Ashenzari.
 28323 | D:14     | Noticed Agnes
 28343 | D:14     | Killed Agnes
 28548 | D:14     | Noticed Frances
 28569 | D:14     | Killed Frances
 28629 | D:14     | Reached skill level 15 in Fighting
 28654 | D:14     | Reached XP level 16. HP: 101/108 MP: 25/25
 28686 | D:14     | Noticed Nessos
 28696 | D:14     | Killed Nessos
 28928 | D:14     | Found a runed translucent door.
 28933 | D:14     | Identified the +0 spear of the Devouring Sybil {vorpal, rF+
                  | SInv}
 28933 | D:14     | Noticed Pocvaraige's ghost (journeyman TrMo)
 29248 | D:14     | Identified the ring "Nickocura" {rPois rC+}
 29353 | D:14     | Killed Pocvaraige's ghost
 29550 | D:15     | Entered Level 15 of the Dungeon
 29955 | D:15     | Reached skill level 15 in Armour
 30579 | D:15     | Paralysed by a great orb of eyes for 2 turns
 30600 | D:15     | Found a staircase to the Depths.
 30810 | Swamp:1  | Entered Level 1 of the Swamp
 31332 | Swamp:1  | Reached skill level 16 in Fighting
 31863 | Swamp:2  | Identified the -2 tower shield "Ycvemexa" {+Blink Will+
                  | Int+6}
 31886 | Swamp:2  | Reached XP level 17. HP: 43/115 MP: 6/26
 33003 | Swamp:3  | Identified the +1 leather armour of Eternal Vigilance {Fly
                  | rN+ Dex+6}
 33056 | Swamp:3  | Noticed a tentacled monstrosity
 33737 | Swamp:3  | Killed a tentacled monstrosity
 34416 | Swamp:4  | Entered Level 4 of the Swamp
 34590 | Swamp:4  | Reached skill level 17 in Fighting
 35901 | Swamp:4  | Got a decaying rune of Zot
 36094 | Spider:1 | Entered Level 1 of the Spider Nest
 36271 | Spider:1 | Got A Primer on Sorcery
 36600 | Spider:1 | Reached XP level 18. HP: 115/124 MP: 25/28
 37658 | Spider:2 | Noticed Jorgrun
 37679 | Spider:2 | Killed Jorgrun
 37742 | Spider:2 | Noticed Arachne
 37763 | Spider:2 | Killed Arachne
 37814 | Spider:2 | You are sucked into a shaft and drop 1 floor!
 37844 | Spider:3 | Found a transporter.
 37852 | Spider:3 | Noticed Plog's ghost (adept MiBe)
 37857 | Spider:3 | Reached skill level 18 in Fighting
 38501 | Spider:3 | Found a transporter.
 38849 | Spider:3 | Identified the ring of the Philosopher {rPois rF+ Will+
                  | Dex-5 Slay+2}
 39243 | Spider:4 | Entered Level 4 of the Spider Nest
 40163 | Spider:4 | Noticed Bai Suzhen
 40182 | Spider:4 | Killed Bai Suzhen
 40311 | Spider:4 | Noticed Mlioglotl
 40341 | Spider:4 | Killed Mlioglotl
 40656 | Spider:4 | Reached XP level 19. HP: 122/132 MP: 23/29
 41826 | Spider:4 | Got a gossamer rune of Zot
 42095 | Elf:1    | Entered Level 1 of the Elven Halls
 42394 | Elf:1    | Reached skill level 19 in Fighting
 42821 | Elf:1    | Paralysed by an air elemental for 1 turns
 42824 | Elf:1    | Paralysed by an air elemental for 1 turns
 43515 | Elf:2    | Reached skill level 15 in Invocations
 43879 | Elf:2    | Identified Roxanne's Catalogue of Stones
 43879 | Elf:2    | Noticed Roxanne
 43902 | Elf:2    | Killed Roxanne
 43903 | Elf:2    | Reached skill level 15 in Shields
 44136 | Elf:2    | Found Apry's Magic Scroll Shop.
 44169 | Elf:2    | Bought a scroll of summoning for 152 gold pieces
 44169 | Elf:2    | Bought a scroll of teleportation for 48 gold pieces
 44169 | Elf:2    | Bought a scroll of identify for 32 gold pieces
 44183 | Elf:2    | Found a runed translucent gate.
 44183 | Elf:2    | Found a runed translucent gate.
 44184 | Elf:2    | Found a runed translucent gate.
 44446 | Elf:2    | Reached XP level 20. HP: 140/140 MP: 31/31
 44537 | Elf:2    | Reached skill level 20 in Fighting
 44738 | Elf:3    | Entered Level 3 of the Elven Halls
 44773 | Elf:3    | Paralysed by an air elemental for 1 turns
 45427 | Elf:3    | Identified the +12 long sword "Zuodd" {spect, Fly rF-
                  | Dex+3}
 45514 | Elf:3    | Cast into level 2 of the Abyss (a deep elf sorcerer)
 45633 | Abyss:2  | Reached skill level 1 in Evocations
 45981 | Elf:3    | Escaped the Abyss
 46097 | Elf:3    | Paralysed by an air elemental for 1 turns
 46386 | Elf:3    | Found the +7 great mace "Firestarter" {inner flame, rF++}
 46407 | Elf:3    | Identified the +8 halberd "Killer Klown's Curse" {vorpal,
                  | Str+4 Dex+4 Stlth+}
 46412 | Elf:3    | Identified the +0 chain mail "Axyonk" {rN+ Dex+4}
 46417 | Elf:3    | Identified the +6 short sword "Maul" {vorpal, Str+2 Stlth+}
 46426 | Elf:3    | Identified the +4 chain mail of Untold Secrets {rPois Will-
                  | rCorr Dex+4}
 46427 | Elf:3    | Identified the +5 shortbow of the Salmon {flame, rN+ Str+2}
 46468 | Elf:3    | Found the +3 giant club "Skullcrusher" {speed, Str+7}
 46498 | Elf:3    | Identified the ring "Cyhen" {MP+9 Slay+2}
 46524 | Elf:3    | Identified the +1 pair of gloves of Baldness {rC+}
 46720 | Vaults:1 | Entered Level 1 of the Vaults
 46930 | Vaults:1 | Paralysed by a great orb of eyes for 3 turns
 46937 | Vaults:1 | Reached skill level 21 in Fighting
 47335 | Vaults:1 | Reached XP level 21. HP: 148/148 MP: 33/33
 47589 | Vaults:1 | Noticed Saint Roka
 47627 | Vaults:1 | Killed Saint Roka
 47777 | Vaults:1 | Noticed Donald
 47786 | Vaults:1 | Killed Donald
 48207 | Vaults:2 | Found Kalur's Assorted Antiques.
 48250 | Vaults:2 | Found a portal to a secret trove of treasure.
 49296 | Vaults:2 | Identified the ring "Jiajyu" {rN+ Str-2 Dex+6 SInv}
 49345 | Vaults:2 | You are sucked into a shaft and drop 1 floor!
 49380 | Vaults:3 | Found a staircase to the Crypt.
 49563 | Vaults:3 | Reached skill level 22 in Fighting
 50268 | Vaults:3 | Reached XP level 22. HP: 156/156 MP: 34/34
 50323 | Vaults:2 | Found Lidaw's Antique Armour Shoppe.
 50333 | Vaults:2 | Bought a heavily runed plate armour for 952 gold pieces
 50333 | Vaults:2 | Identified the +8 plate armour of Supple Strength {Str+4}
                  | (You bought it in a shop on level 2 of the Vaults)
 51367 | Vaults:4 | Killed from afar by an ironbound frostheart

Illustrated notes

Levels and vault maps discovered:
D:1:      sevenhm_arrival_forest_fort_small_6, layout_basic,
          minmay_close_crescents
D:2:      layout_loops_ring, basic_altar, ebering_ecumenical_altar_box
D:3:      layout_loops_cross, st_stairs_4
D:4:      layout_cave_pools, nicolae_ru_path_of_blood, lemuel_tele_altar,
          serial_shops, nicolae_shop_statue_plus, uniq_pikel
D:5:      layout_basic, mainiacjoe_overflow_small_starburst,
          nicolae_tso_besieged_by_evil, serial_shops, nicolae_shop_crystal,
          uniq_edmund
D:6:      layout_cave_pods, nicolae_wu_jian_immortal_techniques,
          nicolae_overflow_hidden_temple, minmay_temple_entry_mini_moons
D:7:      layout_gridville, amcnicky_altar_gilded, minmay_small_thing,
          uniq_menkaure
D:8:      minmay_distorted_concentric_squares, layout_layer_cave,
          mainiacjoe_overflow_chevrons, serial_bayou_crossing
D:9:      minmay_octagon_keep, layout_stronghold, st_stairs_3
D:10:     layout_stronghold, chei_slow_surprise, nicolae_dithmenos_the_darkroom,
          mainiacjoe_overflow_concentric_impassable,
          grunt_lair_entry_orc_guard_hut, uniq_grum, uniq_nergalle
D:11:     layout_loops_corners
D:12:     layout_long_grid, david_orc_5, serial_shops, nicolae_stop_n_shop_1,
          kennysheep_cluttered_room, uniq_sonja
D:13:     minmay_mutant_horseshoe, layout_basic, david_vaults_1, uniq_rupert
D:14:     layout_irregular_city, ashenzari_altar_1, ebering_ghost_funeral_grove,
          serial_ice, serial_ice_h, serial_ice_j, serial_ice_g, serial_ice_b,
          hangedman_tell_no_tales, uniq_agnes, uniq_frances, uniq_nessos
D:15:     gammafunk_enter_depths_forms, layout_basic
Lair:1:   layout_regular_city, advil_vaults_ghost_guards
Lair:2:   layout_big_grid, nicolae_spider_entry_tight_spaces,
          portal_ice_cave_entry_ice_simulacra, grunt_forest_small_clearing_treed
Lair:3:   layout_cave_pods, swamp_mist_pool, minivault_23, lemuel_fruit_tree,
          serial_bayou_shore_b
Lair:4:   layout_long_grid, gauntlet_entry_generic, lemuel_fruit_fields,
          uniq_kirke
Lair:5:   layout_regular_city, wad_woods_road_03, st_stairs_9,
          beast_lair_carwin_8
Lair:6:   minmay_lair_end_enchanted_forest, layout_regular_city, slime_altar_1,
          kennysheep_abandoned_house, lemuel_fruit_fields
Swamp:1:  layout_falls_marsh, evilmike_swamp_ruin_rubble_2
Swamp:2:  layout_basic_swamp, nicolae_swamp_bean_lake, swamp_pool2,
          nicolae_swamp_hydra_murder_den
Swamp:3:  nzn_winding_woodlands_small [nzn_winding_woodlands_5x15_lazy_stream,
          nzn_winding_woodlands_center_pierced_h,
          nzn_winding_woodlands_5x15_garden], layout_falls_marsh,
          serial_swamp_ruin, evilmike_swamp_ruin_house_4,
          evilmike_swamp_ruin_wall, swamp_pool5
Swamp:4:  swamp_icy, layout_basic_swamp, infiniplex_staircase_pool
Spider:1: layout_spider_delve
Spider:2: layout_spider_delve, uniq_arachne, uniq_jorgrun
Spider:3: gammafunk_ghost_arena
Spider:4: spider_rune_water, hangedman_spider_mandibles,
          nicolae_spider_webs_and_nodes, uniq_mlioglotl, uniq_bai_suzhen
Orc:1:    layout_caves
Orc:2:    grunt_orc_cross, layout_caves, serial_shops, nicolae_diamond_shop,
          nicolae_shop_crystal, shop_statue, shop, basic_altar,
          maelrawn_ghost_gauntlet_escape, rock_pile
Elf:1:    layout_loops_corners, kennysheep_underground_church, st_stairs_12
Elf:2:    nicolae_elf_blades_splatter_lattice
          [nicolae_blade_entry_crossed_weapons], layout_geoelf_octagon,
          serial_shops, shop_fountains, grunt_ministairs_13,
          amcnicky_mini_rare_corridor_liquid, uniq_roxanne
Elf:3:    minmay_elf_hall, layout_loops_cross
Vaults:1: v_misc_4, v_misc_28, vaults_dpeg_diagonal,
          ontoclasm_vaults_ring_small, nicolae_vaults_network_quincunx
          [nicolae_vaults_network_quincunx_subvault,
          nicolae_vaults_network_quincunx_subvault,
          nicolae_vaults_network_quincunx_subvault,
          nicolae_vaults_network_quincunx_subvault,
          nicolae_vaults_network_quincunx_subvault],
          nicolae_vaults_circle_grid_a, nicolae_vaults_hallways_thing,
          hangedman_vaults_nails, nicolae_vaults_three_branches,
          grunt_vaults_twisty, nicolae_vaults_rhombus_7, layout_vaults_omnibox,
          uniq_donald, uniq_saint_roka
Vaults:2: nicolae_vaults_network_barrier, ontoclasm_vaults_bender,
          st_octagons_2, nicolae_vaults_little_squares_3, hangedman_vaults_hat,
          vaults_mumra_hexcomb, ontoclasm_vaults_decontamination,
          layout_vaults_chaotic_city, nicolae_trove_entry_columns, serial_shops,
          nicolae_shop_statue_plus, shop
Vaults:3: nicolae_vaults_ring_of_whatevers, nicolae_vaults_little_squares_5,
          vaults_room_hallway, ontoclasm_vaults_loading_screen, v_misc_12,
          minmay_crypt_entry_simple_corners, nicolae_vaults_little_squares_4,
          vaults_room_grunt_arrival_ludios, vaults_dpeg_encased_lava,
          layout_vaults_omnigrid
Vaults:4: nicolae_vaults_angled_halls, v_misc_9, vaults_dpeg_ring, v_misc_25,
          ontoclasm_vaults_spin, v_misc_3, ontoclasm_vaults_chip,
          ontoclasm_vaults_fault, st_cells, vaults_room_door_hall,
          nicolae_vaults_little_squares_3, v_pattern_1, layout_vaults_ring

Skill      XL: |  1  2  3  4  5  6  7  8  9 10 11 12 13 14 15 16 17 18 19 20 21 22 |
---------------+-------------------------------------------------------------------+-----
Armour         | 4 5 6 7 8 9 10 12 13 14 15 16 17 18 19 | 19.2
Fighting       | 4 5 6 7 8 10 11 12 13 15 16 17 18 19 21 22 | 22.3
Maces & Flails | 4 5 6 7 9 10 11 12 14 15 16 17 18 19 | 19.0
Shields        | 4 5 6 7 8 9 10 11 12 14 15 17 | 17.3
Dodging        | 1 2 3 4 |  4.7
Invocations    | 3 4 6 7 8 10 11 12 13 14 15 16 17 | 17.5
Evocations     | 1 |  1.1

Action                   |  1- 3 |  4- 6 |  7- 9 | 10-12 | 13-15 | 16-18 | 19-21 | 22-24 || total
-------------------------+-------+-------+-------+-------+-------+-------+-------+-------++-------
Melee: Flail             |   147 |    84 |   309 |   635 |       |       |       |       ||  1175
       Eveningstar       |       |       |       |    13 |  1481 |  1705 |  1775 |   141 ||  5115
Invok: Cleansing Flame   |       |       |       |       |     1 |     6 |    15 |     9 ||    31
       Summon Divine War |       |       |       |       |     3 |     2 |     2 |     1 ||     8
Evoke: Wand              |       |       |       |     5 |     2 |       |     3 |       ||    10
       Tin of tremorston |       |       |       |       |       |       |     2 |       ||     2
  Use: Scroll            |     2 |     1 |     5 |     7 |    10 |    11 |     3 |       ||    39
       Potion            |     2 |       |     2 |     2 |     5 |     4 |     5 |     1 ||    21
Armor: Scale mail        |    52 |       |   121 |   301 |       |       |       |       ||   474
       Chain mail        |    45 |    81 |   103 |       |       |       |       |       ||   229
       Plate armour      |       |       |       |   239 |  1301 |  1448 |  1036 |    78 ||  4102
       Ring mail         |       |       |       |       |       |    31 |       |       ||    31
Dodge: Dodged            |    60 |    42 |   158 |   387 |   486 |   775 |   787 |    82 ||  2777
       Repelled          |       |       |       |     3 |       |     7 |    30 |       ||    40
Block: Buckler           |    29 |    21 |    97 |   172 |    98 |       |       |       ||   417
       Kite shield       |       |       |       |       |   790 |  1324 |  1154 |   127 ||  3395
       Reflection        |       |       |       |       |    10 |    24 |    53 |     6 ||    93

Table legend: (Time is in decaauts)
 A = Elapsed time spent in this place.
 B = Non-inter-level travel time spent in this place.
 C = Inter-level travel time spent in this place.
 D = Time resting spent in this place.
 E = Time spent auto-exploring this place.
 F = Levels seen in this place.
 G = Mean time per level.
                   A        B        C        D        E       F      G
               +--------+--------+--------+--------+--------+-----+--------+
         Total |  52071 |  48958 |   3113 |   4551 |  33073 |  41 | 1270.0 |
       Dungeon |  20464 |  18886 |   1578 |   1239 |  14246 |  15 | 1364.3 |
          Lair |   8614 |   7961 |    653 |    317 |   5846 |   6 | 1435.7 |
         Swamp |   5263 |   5129 |    134 |    997 |   2930 |   4 | 1315.8 |
   Spider Nest |   5941 |   5744 |    197 |   1197 |   3278 |   4 | 1485.2 |
  Orcish Mines |   1686 |   1533 |    153 |      0 |    929 |   2 |  843.0 |
   Elven Halls |   4101 |   3871 |    230 |    249 |   2299 |   3 | 1367.0 |
        Vaults |   4672 |   4507 |    165 |     26 |   3274 |   4 | 1168.0 |
         Abyss |    449 |    449 |      0 |      0 |    147 |   1 |  449.0 |
      Ice Cave |     76 |     76 |      0 |     43 |      0 |   1 |   76.0 |
      Gauntlet |    801 |    801 |      0 |    482 |    122 |   1 |  801.0 |
               +--------+--------+--------+--------+--------+-----+--------+

Top non-repeatable levels by time:
  Lair:6: 2398 daAuts
    D:12: 2377 daAuts
Spider:3: 2033 daAuts
 Swamp:3: 2006 daAuts
Spider:4: 1814 daAuts
    D:10: 1753 daAuts
     D:8: 1719 daAuts
  Lair:2: 1694 daAuts
    D:14: 1681 daAuts
     D:5: 1522 daAuts
Vaults:2: 1489 daAuts
     D:9: 1465 daAuts
Vaults:1: 1439 daAuts
     D:1: 1406 daAuts
   Elf:3: 1399 daAuts
